AoeStats
← QNa_NguaHoang

Arena

507397103Analyzed
4v4 RM · 13d ago on Sep 18, 2026· 57m 2s· 8 players
Game mode
Random Map
Map size
Large (8 player)
Population
200
Speed
Normal
Resources
Standard
Victory
Conquest
Starting age
Dark Age
Ending age
Imperial Age
RankedLock teamsTeams togetherTeam positionsShared explorationLock speedFull tech treeHidden civsTurbo modeCheats
Victory
Defeat
🇨🇳 Dravidians · China
1257
+15
🇨🇷 Gurjaras · Costa Rica
1249
+16
🇻🇳 Slavs · Vietnam
1246
+16
🇨🇷 Inca · Costa Rica
1243
+16
🇨🇴 Sicilians · Colombia
1317
-18
🇺🇸 Cumans · United States
1262
-17
🇨🇴 Bohemians · Colombia
1256
-16
🇲🇽 Bengalis · Mexico
1146
-12
Ux'RaulitoMD
11:46 Feudal Age
12:58 Loom
15:36 Castle Age
13:36 Double-Bit Axe
13:39 Horse Collar
14:19 Stone Mining
15:29 Fletching
15:36 Gold Mining
20:54 Bodkin Arrow
24:33 Masonry
25:31 Heavy Plow
27:47 Murder Holes
28:03 Fortified Wall
31:16 Imperial Age
30:32 Paiks
33:59 Bracer
33:59 Padded Archer Armor
35:04 Wheelbarrow
34:15 Town Watch
34:34 Elite Skirmisher
34:36 Elite Elephant Archer
36:54 Ballistics
38:37 Chemistry
38:09 Architecture
38:11 Crossbowman
42:34 Gold Shaft Mining
44:07 Leather Archer Armor
43:58 Scale Barding Armor
43:53 Scale Mail Armor
46:55 Hand Cart
47:23 Hand Cart
47:53 Ring Archer Armor
49:12 Chain Barding Armor
49:03 Forging
49:09 Chain Mail Armor
49:04 Arbalester
51:16 Plate Barding Armor
52:35 Pikeman
53:16 Squires
53:55 Iron Casting
53:09 Arson
[GWJ] Birgitte
9:31 Feudal Age
10:10 Double-Bit Axe
11:28 Horse Collar
12:53 Loom
16:32 Wheelbarrow
21:21 Castle Age
19:33 Gold Mining
20:31 Scale Barding Armor
20:36 Forging
21:28 Bloodlines
22:28 Chain Barding Armor
22:45 Bow Saw
23:56 Gold Shaft Mining
24:30 Iron Casting
25:42 Scale Mail Armor
26:12 Hand Cart
25:43 Pikeman
26:23 Squires
29:37 Chain Mail Armor
36:06 Imperial Age
37:01 Cavalier
38:35 Plate Barding Armor
42:08 Heavy Plow
43:58 Paladin
51:26 Caravan
pipegarcial
11:11 Feudal Age
15:29 Castle Age
15:08 Double-Bit Axe
18:07 Chemistry
20:55 Fortified Wall
37:51 Imperial Age
35:25 Pikeman
37:43 Wheelbarrow
37:40 Scale Mail Armor
38:59 Chain Mail Armor
40:28 Plate Mail Armor
42:00 Forging
41:56 Halberdier
45:21 Bow Saw
53:53 Man-at-Arms
54:34 Squires
55:11 Iron Casting
54:40 Long Swordsman
55:44 Arson
Seritzia
10:39 Feudal Age
14:44 Castle Age
13:04 Double-Bit Axe
13:08 Horse Collar
16:00 Bow Saw
20:15 Loom
22:28 Wheelbarrow
22:35 Stone Mining
24:39 Gold Mining
26:07 Hand Cart
27:18 Pikeman
28:31 Forging
28:22 Scale Mail Armor
28:24 Squires
28:09 Gambesons
28:10 Arson
31:52 Imperial Age
30:03 Iron Casting
29:19 Fletching
29:59 Masonry
30:11 Ballistics
30:38 Gold Shaft Mining
30:12 Heavy Plow
30:02 Town Watch
32:02 Stone Shaft Mining
32:19 Chain Mail Armor
32:15 Elite Serjeant
33:58 Blast Furnace
33:51 Plate Mail Armor
35:48 Bodkin Arrow
36:55 Chemistry
35:46 Arrowslits
38:39 Bracer
38:39 Padded Archer Armor
40:40 Conscription
40:49 First Crusade
41:25 Leather Archer Armor
40:32 Elite Skirmisher
46:24 Murder Holes
47:23 Caravan
48:57 Crossbowman
49:16 Halberdier
JieX
10:12 Feudal Age
13:55 Castle Age
12:16 Double-Bit Axe
13:28 Horse Collar
13:36 Horse Collar
14:46 Bow Saw
16:32 Heavy Plow
20:22 Loom
21:41 Wheelbarrow
28:27 Imperial Age
25:49 Town Watch
25:56 Fletching
26:46 Gold Mining
27:28 Bodkin Arrow
27:35 Padded Archer Armor
29:00 Ballistics
29:47 Conscription
29:36 Medical Corps
29:41 Thumb Ring
29:40 Bracer
30:55 Chemistry
30:23 Hand Cart
31:04 Scale Barding Armor
31:50 Stone Mining
32:51 Elite Elephant Archer
38:51 Murder Holes
39:10 Masonry
40:24 Pikeman
41:05 Squires
40:50 Gambesons
41:29 Chain Barding Armor
41:25 Leather Archer Armor
41:11 Scale Mail Armor
41:21 Forging
43:24 Scale Mail Armor
44:22 Halberdier
45:29 Chain Mail Armor
45:49 Iron Casting
45:45 Ring Archer Armor
46:28 Elite Skirmisher
48:00 Wootz Steel
47:12 Light Cavalry
47:53 Husbandry
54:22 Plate Mail Armor
QNa_NguaHoang
2:35 Loom
11:28 Feudal Age
15:52 Castle Age
13:56 Double-Bit Axe
14:27 Stone Mining
14:55 Horse Collar
17:12 Wheelbarrow
18:49 Bow Saw
22:44 Gold Mining
23:45 Scale Barding Armor
23:52 Forging
24:39 Heavy Plow
28:11 Gold Shaft Mining
27:57 Hand Cart
36:19 Imperial Age
35:36 Detinets
36:34 Elite Boyar
37:46 Bloodlines
37:38 Husbandry
38:41 Conscription
40:39 Chain Barding Armor
42:22 Iron Casting
45:46 Two-Man Saw
45:18 Crop Rotation
44:41 Light Cavalry
47:17 Plate Barding Armor
47:31 Caravan
47:31 Hussar
50:33 Blast Furnace
[CRM]-Camacho
11:03 Feudal Age
14:43 Castle Age
13:41 Double-Bit Axe
18:48 Scale Mail Armor
19:06 Champi Runner
20:17 Arson
23:38 Bow Saw
26:32 Wheelbarrow
25:44 Horse Collar
26:52 Heavy Plow
27:01 Champi Warrior
28:28 Chain Mail Armor
44:02 Fletching
44:13 Padded Archer Armor
44:44 Bodkin Arrow
46:03 Leather Archer Armor
48:54 Pikeman
55:45 Gold Mining
56:36 Hand Cart
57:48 Gold Shaft Mining
[CRM] - Shadow
3:38 Loom
12:15 Feudal Age
13:45 Double-Bit Axe
16:20 Castle Age
14:03 Horse Collar
14:42 Gold Mining
15:49 Forging
16:11 Scale Barding Armor
16:54 Bloodlines
25:21 Iron Casting
27:59 Wheelbarrow
28:42 Chain Barding Armor
30:23 Hand Cart
32:07 Fortified Wall
35:51 Imperial Age
33:59 Masonry
35:37 Bow Saw
35:47 Heavy Plow
36:26 Husbandry
36:10 Heavy Camel Rider
37:27 Plate Barding Armor
37:56 Crop Rotation
38:35 Gold Shaft Mining
39:31 Frontier Guards
39:33 Conscription
39:53 Fletching
40:35 Architecture
40:36 Bodkin Arrow
40:26 Elite Shrivamsha Rider
42:38 Hoardings
42:06 Bracer
43:45 Padded Archer Armor
43:27 Light Cavalry
44:37 Ballistics
43:53 Elite Skirmisher
44:39 Thumb Ring
44:51 Leather Archer Armor
46:22 Chemistry
52:16 Hussar
54:47 Kshatriyas
Connection lost

Rejoining the realm…

Still unreachable

The connection could not be restored.

Session expired

The server has moved on; the page needs a fresh start.